 Dungeon Crawl Stone Soup version 0.31-a0-1009-g454b1f1e0a (webtiles) character file.

Game seed: 1299506843744371553

152 graki42 the Shield-Bearer (level 5, 0/33 HPs)
             Began as a Gargoyle Fighter on Nov 14, 2023.
             Constricted to death by a ball python (1 damage)
             ... in a sewer.
             The game lasted 00:07:31 (1984 turns).

graki42 the Shield-Bearer (Gargoyle Fighter)        Turns: 1984, Time: 00:07:31

Health: 0/33       AC: 13    Str: 22    XL:     5   Next: 34%
Magic:  5/5        EV:  6    Int:  8    God:
Gold:   119        SH:  4    Dex:  9    Spells: 4/4 levels left

rFire   . . .        a - +0 flail
rCold   . . .        c - +0 buckler
rNeg    + . .        b - +0 scale mail
rPois   ∞            (no helmet)
rElec   +            e - +0 cloak
rCorr   .            (no gloves)
SInv    .            g - +0 pair of boots
Will    .....        (no amulet) Stlth
                     (no ring)
HPRegen 0.25/turn    (no ring)
MPRegen 0.09/turn

%: no passive effects
@: constricted
A: sickness immunity, AC +4, negative energy resistance 1, electricity
resistance, torment resistance 1, petrification resistance
a: no special abilities


You were in a sewer.
You visited 1 branch of the dungeon, and saw 3 of its levels.
You also visited: Sewer.

You collected 119 gold pieces.

Inventory:

Hand Weapons
 a - a +0 flail (weapon)
Armour
 b - a +0 scale mail (worn)
 c - a +0 buckler (worn)
 e - a +0 cloak (worn)
 f - the +0 helmet of Objectivity {Harm Regen+ Int+3 Dex+4}
   (You found it on level 3 of the Dungeon)

   Int+3:     It affects your intelligence (+3).
   Dex+4:     It affects your dexterity (+4).
   Regen+:    It increases your rate of health regeneration.
   Harm:      It increases damage dealt and taken.
 g - a +0 pair of boots (worn)
 o - a scarf of shadows
Scrolls
 k - 3 scrolls of teleportation
 l - 2 scrolls of identify
Potions
 d - a potion of might
 h - a potion of heal wounds
 i - 2 potions of brilliance
 j - 2 potions of curing
 m - a potion of haste {unknown}
 n - a potion of invisibility {unknown}
 p - 3 potions of degeneration
 q - a potion of lignification


   Skills:
 + Level 4.2 Fighting
 + Level 3.1 Maces & Flails
 + Level 4.2 Armour
 + Level 4.3 Shields


You had 4 spell levels left.
You didn't know any spells.
Your spell library contained the following spells:

 Spells                   Type           Power      Damage    Failure   Level
 Gell's Gravitas          Tloc           0%         N/A       99%         3
 Teleport Other           Tloc           0%         N/A       99%         3
 Dispersal                Tloc           0%         N/A       100%        6


Dungeon Overview and Level Annotations

Branches:
Dungeon (3/15)              Sewer (1/1)

Altars:


Innate Abilities, Weirdness & Mutations

You are immune to sickness and miasma.
Your stone body is resilient. (AC +4)
You are immune to poison.
You resist negative energy. (rN+)
You are resistant to electric shocks. (rElec)
You are resistant to unholy torment.
You are immune to petrification.


Message History

You kill the ball python!
The rat closely misses you. The rat bites you but does no damage.
The ball python bites you but does no damage.
The ball python grabs you. The ball python constricts you.
The river rat bites you!
* * * LOW HITPOINT WARNING * * *
You block the adder's attack. The rat completely misses you. x2
The rat bites you but does no damage.
You hit the rat.
You kill the rat!
The adder bites you.
* * * LOW HITPOINT WARNING * * *
The ball python bites you but does no damage.
The ball python constricts you.
The river rat bites you but does no damage.
An adder comes into view.
The rat bites you but does no damage. The adder bites you.
* * * LOW HITPOINT WARNING * * *
The ball python bites you but does no damage.
The ball python constricts you. You block the rat's attack.
The rat bites you but does no damage. You block the river rat's attack.
You closely miss the ball python.
The adder hisses angrily.
The adder bites you.
* * * LOW HITPOINT WARNING * * *
The rat bites you but does no damage. The ball python closely misses you.
The ball python constricts you.
The rat bites you but does no damage. x2
The river rat bites you but does no damage.
The adder bites you.
* * * LOW HITPOINT WARNING * * *
The rat bites you but does no damage.
The ball python bites you but does no damage.
The ball python constricts you.
* * * LOW HITPOINT WARNING * * *
It was a potion of magic.
Magic courses through your body. The rat barely misses you.
You block the rat's attack. The rat bites you.
* * * LOW HITPOINT WARNING * * *
The adder bites you but does no damage. You block the river rat's attack.
The ball python closely misses you. The ball python constricts you.
You die...

... #.......# S.....# ##........
≈##~.....##.........
≈≈~~≈~..~~~..........
≈≈≈≈≈≈≈~~~≈~≈~~~~..~~.~.~≈≈≈≈≈~≈≈
#≈≈≈≈≈≈≈≈≈≈≈~~~S~~~≈~~~≈~≈≈≈≈≈≈≈≈
≈≈≈≈≈≈≈≈≈≈≈≈≈≈~r≈r≈~≈≈≈≈≈≈≈≈≈≈≈≈≈
#≈≈≈≈≈≈≈≈≈≈~≈~rS@r~.~.~~≈≈≈≈≈≈≈≈≈
#≈≈≈≈≈≈≈≈~~~~.~rrS...~~~~~~~≈≈~~~
#≈≈~≈≈≈≈≈.~..~........~.~~~~..~.~
#...~~...~.......................
'...............†...........†....
#..............†..........##...†.
#..............†##.......#####...
###..###......#####..##...######.
#### ##...######..#####..∩# ##


You could see 2 adders, a river rat, a ball python and 5 rats.

Vanquished Creatures
  A gnoll (D:1)
  2 adders
  3 river rats (Sewer)
  2 worms
  2 dart slugs (D:1)
  4 orcs (D:3)
  5 bats
  2 endoplasms
  6 giant cockroaches
  8 goblins
  4 hobgoblins
  2 jackals (D:2)
  12 kobolds
  2 quokkas (D:2)
  10 ball pythons
  5 frilled lizards
  13 rats
83 creatures vanquished.

Notes
Turn   | Place    | Note
-------+----------+-------------------------------------------
     0 | D:1      | graki42 the Gargoyle Fighter began the quest for the Orb.
     0 | D:1      | Reached XP level 1. HP: 14/14 MP: 1/1
   136 | D:1      | Reached XP level 2. HP: 19/19 MP: 2/2
   419 | D:1      | Reached XP level 3. HP: 24/24 MP: 3/3
   952 | D:2      | Reached XP level 4. HP: 29/29 MP: 4/4
  1360 | D:3      | Identified the +0 helmet of Objectivity {Harm Regen+ Int+3
                  | Dex+4}
  1757 | D:3      | Found a glowing drain.
  1766 | Sewer    | Entered a sewer
  1798 | Sewer    | Reached XP level 5. HP: 33/33 MP: 5/5
  1984 | Sewer    | HP: 1/33 [rat (1)]
  1984 | Sewer    | Constricted to death by a ball python

Illustrated notes

Levels and vault maps discovered:
D:1:      evilmike_arrival_fibonacci_small, layout_loops_cross
D:2:      layout_rooms
D:3:      layout_basic, cheibrodos_sewer_entry_sluice
Sewer:    sewer_minmay_treatment

Skill      XL: |  1  2  3  4 |
---------------+-------------+-----
Fighting       | 4 |  4.2
Armour         | 4 |  4.2
Shields        | 4 |  4.3
Maces & Flails | 3 |  3.1

Action                     |  1- 3 |  4- 6 || total
---------------------------+-------+-------++-------
  Melee: Flail             |   154 |   147 ||   301
    Use: Scroll            |       |     9 ||     9
         Potion            |       |     1 ||     1
 Armour: Scale mail        |   107 |   185 ||   292
  Dodge: Dodged            |    84 |   127 ||   211
  Block: Buckler           |    46 |    67 ||   113

Table legend: (Time is in decaauts)
 A = Elapsed time spent in this place.
 B = Non-inter-level travel time spent in this place.
 C = Inter-level travel time spent in this place.
 D = Time resting spent in this place.
 E = Time spent auto-exploring this place.
 F = Levels seen in this place.
 G = Mean time per level.
                   A        B        C        D        E       F      G
               +--------+--------+--------+--------+--------+-----+--------+
         Total |   2075 |   2045 |     30 |     26 |   1214 |   4 |  518.8 |
       Dungeon |   1838 |   1808 |     30 |     26 |   1091 |   3 |  612.7 |
         Sewer |    237 |    237 |      0 |      0 |    123 |   1 |  237.0 |
               +--------+--------+--------+--------+--------+-----+--------+

Top non-repeatable levels by time:
     D:1: 881 daAuts
     D:2: 523 daAuts
     D:3: 433 daAuts
   Sewer: 237 daAuts
